 Dungeon Crawl Stone Soup version 0.30-a0-137-gd8773701ce (webtiles) character file.

Game seed: 3617556506609878918

196 porpoise the Sneak (level 5, 0/36 HPs)
             Began as an Octopode Wanderer on Sept 23, 2022.
             Slain by a gnoll
             ... wielding a +0 spear
              (2 damage)
             ... on level 3 of the Dungeon.
             The game lasted 00:05:43 (1965 turns).

porpoise the Sneak (Octopode Wanderer)              Turns: 1965, Time: 00:05:44

Health: 0/36       AC:  1    Str: 15    XL:     5   Next: 74%
Magic:  5/5        EV: 12    Int: 12    God:
Gold:   85         SH:  0    Dex: 12    Spells: 4/4 levels left

rFire   . . .      SeeInvis .    a - +2 short sword (elec)
rCold   . . .      Faith    .    (no shield)
rNeg    . . .      Spirit   .    (helmet restricted)
rPois   .          Reflect  .    (no amulet)
rElec   .          Harm     .    (no ring)
rCorr   .          Rampage  .    (no ring)
Will    .....                    (no ring)
Stlth   ++++......               (no ring)
HPRegen 0.12/turn                (no ring)
MPRegen 0.09/turn                (no ring)
                                 (no ring)
                                 (no ring)

@: no status effects
A: almost no armour, amphibious, 8 rings, camouflage 1, gelatinous body 1,
(nimble swimmer 1), tentacles
a: no special abilities


You were on level 3 of the Dungeon.
You visited 1 branch of the dungeon, and saw 3 of its levels.

You collected 85 gold pieces.

Inventory:

Hand Weapons
 a - a +2 short sword of electrocution (weapon)
Missiles
 q - 2 throwing nets
 s - 7 poisoned darts
Jewellery
 h - an amulet of guardian spirit
Wands
 b - a wand of acid (2) (quivered)
Scrolls
 c - a scroll of silence
 g - a scroll of vulnerability {unknown}
 i - 2 scrolls of fog {unknown}
 j - 2 scrolls of teleportation {unknown}
 m - a scroll of acquirement {unknown}
 o - a scroll of magic mapping {unknown}
 p - a scroll of amnesia {unknown}
Potions
 d - 2 potions of attraction
 e - a potion of lignification {unknown}
 f - a potion of heal wounds {unknown}
 k - 2 potions of curing {unknown}
 l - a potion of mutation {unknown}
 n - a potion of invisibility {unknown}
 r - a potion of flight {unknown}


   Skills:
 * Level 3.2 Fighting
 * Level 3.9 Short Blades
 + Level 5.2 Stealth
 - Level 1.0 Invocations
 - Level 4.3 Evocations


You had 4 spell levels left.
You didn't know any spells.
Your spell library contained the following spells:

 Spells                   Type           Power      Damage    Failure   Level
 Gell's Gravitas          Tloc           0%         N/A       69%         3
 Lesser Beckoning         Tloc           0%         N/A       69%         3
 Teleport Other           Tloc           0%         N/A       69%         3


Dungeon Overview and Level Annotations

Branches:
Dungeon (3/15)

Altars:

Annotations:
D:3 3 runed translucent doors, bande's ghost, amateur HOFi


Innate Abilities, Weirdness & Mutations

You cannot wear most types of armour.
You are amphibious.
You can wear up to eight rings at the same time.
Your skin changes colour to match your surroundings (Stealth+).
Your rubbery body absorbs attacks. (AC +1, EV +1)
((You are camouflaged when in or above water. (Stealth+)))
You have tentacles for arms and can constrict up to eight enemies at once.


Message History

There is an open door here.
There is a stone staircase leading down here.
Found a stone staircase leading up.
Done exploring.
(D) Dungeon
Where to? (Enter - D:2, ? - help)
There is a stone staircase leading down here.
You climb downwards.
There is a stone staircase leading up here.
k - 2 fuming purple potions (gained 1)
Found a stone staircase leading down.
You open the door.
There is an open door here.
Found a runed translucent gate.
Found 5 stones.
Bande's ghost turns its malevolent gaze towards you.
Bande's ghost whispers, "The ORB doesn't exist."
Found a ring mail.
The goblin shouts!
You hear a shout!
Found a scroll labelled LELANG GONUHI.
Found a scroll labelled XENTUR OSEGAKU.
Found 3 poisoned darts.
Found 13 gold pieces.
i - 2 scrolls labelled XENTUR OSEGAKU (gained 1)
s - 7 poisoned darts (gained 3)
j - 2 scrolls labelled LELANG GONUHI (gained 1) Bande's ghost says, "I'll split you in two!"
A gnoll comes into view.
It is wielding a +0 spear. 3 gnolls come into view.
The gnoll shouts! x4
The gnoll hits you with a +0 spear!
You barely miss the gnoll. Your grab misses the gnoll.
You closely miss the gnoll. Your grab misses the gnoll.
The gnoll hits you from afar with a +0 spear.
The gnoll hits you with a +0 spear. The gnoll hits you with a +0 whip!
* * * LOW HITPOINT WARNING * * *
The gnoll attacks as you move away! The gnoll hits you with a +0 spear.
* * * LOW HITPOINT WARNING * * *
The gnoll hits you from afar with a +0 spear.
You die...

♣... ...#...#...#..#.
#♣.... #..#.[#.#..+..#.
♣♣..... #..#.....(.+....
......#+#..#..#.#..+....
..........#...#...#....
#.....$..#..wo...#....
#........#########....
#.....................
#..g.@..............#>
#..gg..##.#.###....#..
#...g..##..........#..
#........##.........##..
#.#......##.........##..
# #......##.........##..
........##.........##..
.....#####.........##..
#.........##..


You could see 4 gnolls.

Vanquished Creatures
  Sigmund (D:2)
  A worm (D:2)
  2 endoplasms (D:2)
  5 giant cockroaches
  3 goblins
  3 hobgoblins
  4 jackals
  4 kobolds
  A quokka (D:1)
  2 ball pythons
  4 bats
  A frilled lizard (D:2)
  A rat (D:1)
32 creatures vanquished.

Notes
Turn   | Place    | Note
-------+----------+-------------------------------------------
     0 | D:1      | porpoise the Octopode Wanderer began the quest for the Orb.
     0 | D:1      | porpoise set off with the following items: a +0 short
                  | sword, a wand of acid (4), a scroll of silence, a potion of
                  | attraction.
     0 | D:1      | Reached XP level 1. HP: 11/11 MP: 1/1
   316 | D:1      | Reached XP level 2. HP: 18/18 MP: 2/2
   347 | D:1      | Reached skill level 1 in Fighting
  1243 | D:2      | Reached XP level 3. HP: 23/23 MP: 3/3
  1250 | D:2      | Noticed Sigmund
  1256 | D:2      | Killed Sigmund
  1257 | D:2      | Reached skill level 5 in Stealth
  1257 | D:2      | Reached XP level 4. HP: 31/31 MP: 4/4
  1257 | D:2      | Reached XP level 5. HP: 36/36 MP: 5/5
  1616 | D:2      | Found a faded altar of an unknown god.
  1906 | D:3      | Found a runed translucent gate.
  1908 | D:3      | Found a runed translucent gate.
  1909 | D:3      | Found a runed translucent gate.
  1910 | D:3      | Noticed bande's ghost (amateur HOFi)
  1965 | D:3      | Slain by a gnoll

Illustrated notes

Levels and vault maps discovered:
D:1:      grunt_arrival_lava_bath, layout_basic,
          nicolae_concentric_dashed_squares_wild
D:2:      layout_basic, shapermc_ecumenical_altar_mp_highgroup,
          minmay_tromino_v4_b, uniq_sigmund
D:3:      layout_basic, nicolae_overflow_crystal_walls, gammafunk_ghost_split,
          serial_shops, shop, minmay_stone_trees_medium

Skill      XL: |  1  2  3 |
---------------+----------+-----
Fighting       | 1 3 |  3.2
Short Blades   | 3 |  3.9
Stealth        | 5 |  5.2
Invocations    | |  1.0
Evocations     | |  4.3

Action                   |  1- 3 |  4- 6 || total
-------------------------+-------+-------++-------
Melee: Short sword       |    48 |    19 ||    67
       Constrict         |     9 |     4 ||    13
       Tentacles         |     5 |     2 ||     7
       Punch             |     1 |       ||     1
Evoke: Wand              |     2 |       ||     2
 Stab: Sleeping          |     8 |     5 ||    13
Armor: Skin              |     5 |       ||     5
Dodge: Dodged            |    29 |     5 ||    34

Table legend: (Time is in decaauts)
 A = Elapsed time spent in this place.
 B = Non-inter-level travel time spent in this place.
 C = Inter-level travel time spent in this place.
 D = Time resting spent in this place.
 E = Time spent auto-exploring this place.
 F = Levels seen in this place.
 G = Mean time per level.
                   A        B        C        D        E       F      G
               +--------+--------+--------+--------+--------+-----+--------+
         Total |   1955 |   1887 |     68 |    306 |   1272 |   3 |  651.7 |
       Dungeon |   1955 |   1887 |     68 |    306 |   1272 |   3 |  651.7 |
               +--------+--------+--------+--------+--------+-----+--------+

Top non-repeatable levels by time:
     D:1: 1079 daAuts
     D:2: 708 daAuts
     D:3: 167 daAuts
